 Dungeon Sprint DCSS version 0.30-a0-6-g7c9e10e132 (webtiles) character file.

Game seed: 5902010979664671605

11533 mhtbhm the Ninja (level 11, -4/58 HPs)
             Began as a Spriggan Brigand on Aug 22, 2022.
             Was the Champion of Dithmenos.
             Killed from afar by a deep elf annihilator (36 damage)
             ... with a bolt of lightning
             ... in the Dungeon (Sprint III: "The Ten Rune Challenge").
             The game lasted 00:11:11 (2711 turns).

mhtbhm the Ninja (Spriggan Brigand)                 Turns: 2711, Time: 00:11:12

Health: -4/58      AC:  9    Str:  7    XL:     11   Next: 50%
Magic:  21/21      EV: 25    Int: 12    God:    Dithmenos [******]
Gold:   1594       SH:  0    Dex: 22    Spells: 10/10 levels left

rFire   + . .      SeeInvis +    a - +2 dagger
rCold   . . .      Faith    .    (no shield)
rNeg    . . .      Spirit   .    b - +2 robe {Will+}
rPois   .          Reflect  .    d - +2 hat
rElec   .          Harm     .    c - +2 cloak
rCorr   .          Rampage  .    (gloves unavailable)
Will    ++...      NoTele   +    (boots unavailable) Stlth *********+
                                 (no amulet)
HPRegen 0.19/turn                o - ring of protection from fire
MPRegen 0.17/turn                q - ring of flight

@: flying, wreathed by umbra, very quick
A: very small, no large weapons, unfitting armour, see invisible, speed 3
a: Renounce Religion, Shadow Step, Shadow Form


You were in the Dungeon.
You worshipped Dithmenos.
Dithmenos was exalted by your worship.
You visited 1 branch You collected 2393 gold pieces.
You spent 799 gold pieces at shops.

Inventory:

Hand Weapons
 a - a +2 dagger (weapon)
Armour
 b - a +2 robe of willpower (worn)
 c - a +2 cloak (worn)
 d - a +2 hat (worn)
Jewellery
 o - a ring of protection from fire (left hand)
 q - a ring of flight (right hand)
Scrolls
 m - 2 scrolls of identify
Potions
 f - 2 potions of curing
 g - a potion of heal wounds
 h - 3 potions of haste
 i - 2 potions of magic
 j - a potion of berserk rage
 n - 2 potions of flight
 p - 5 potions of mutation
 r - 3 potions of might
 u - a potion of degeneration
Miscellaneous
 s - a lightning rod (inert)


   Skills:
 + Level 6.6 Fighting
 + Level 9.4 Short Blades
 + Level 11.6 Throwing
 + Level 8.7 Dodging
 O Level 27 Stealth
 * Level 12.3 Invocations
 + Level 11.4 Evocations


You had 10 spell levels left.
You didn't know any spells.
Your spell library contained the following spells:

 Spells                   Type           Power      Damage    Failure   Level
 Conjure Flame            Conj/Fire      0%         6-21      69%         3
 Ignite Poison            Fire/Tmut/Pois 0%         N/A       69%         3
 Sticky Flame             Conj/Fire      0%         2d3       97%         4


Dungeon Overview and Level Annotations

Branches:
Dungeon (1/1)

Altars:
Cheibriados
Dithmenos
Elyvilon
Fedhas
Gozag
Hepliaklqana
Kikubaaqudgha
Makhleb
Nemelex Xobeh
Okawaru
Qazlal
Ru
Sif Muna
Trog
Uskayaw
Vehumet
Wu Jian
Xom
Yredelemnul
Zin
The Shining One
Jiyva
Lugonu

Shops:
D *?([!*(!(!=:

Annotations:
D exclusion: obsidian statue


Innate Abilities, Weirdness & Mutations

You are very small and have problems with some larger weapons.
You are too small for most types of armour.
You have supernaturally acute eyesight. (SInv)
You cover ground extremely quickly. (Speed+++)


Message History

Unknown command.
You feel much better.
Unknown command.
The deep elf annihilator gestures wildly while chanting.
The deep elf annihilator blinks!
The deep elf high priest invokes the aid of its god against you.
Something smites you!
You emit a cloud of dark smoke.
The deep elf demonologist hits you from afar with a +0 spear of flaming.
The deep elf demonologist burns you.
The deep elf death mage shouts!
You start resting.
Okay, then.
Unknown command.
You don't have any unidentified items.
Okay, then.
Okay, then.
Okay, then.
The deep elf high priest utters an invocation to its god.
The deep elf high priest begins emitting a brilliant aura!
The deep elf annihilator is empowered by the deep elf high priest's aura!
The deep elf death mage is empowered by the deep elf high priest's aura!
The deep elf demonologist is empowered by the deep elf high priest's aura!
The deep elf annihilator is empowered by the deep elf high priest's aura!
The deep elf demonologist mumbles some strange words.
The chaos spawn's pages rustle loudly.
Unknown command.
Unknown command.
You hit the deep elf annihilator.
The deep elf annihilator is severely wounded.
Your shadow hits the deep elf annihilator but does no damage.
The deep elf annihilator gestures wildly while chanting.
The deep elf annihilator blinks!
Unknown command.
Unknown command.
The deep elf master archer shoots an arrow.
The arrow completely misses you.
The deep elf annihilator points at you and mumbles some strange words.
The bolt of lightning hits you!!!
Ouch! That really hurt!
You die...

▓▓▓▓▓▓▓▓▓
#.#.#...#################
#..#.##..'.#.§§##.[(.'e..
.)..)...##)#.§§##≈≈≈≈##..
)).)...###.#.§§§@≈§ee4(..
)).....# #.#.§§##≈≈≈≈##..
#.∩#...# #.).§§##eee14...
###.#.## ################
###########################
...#)#)#)....#..^.^.'...~≈#
.#..#.##.###.#.^....#...~≈#
#.#.#.##.#).##......#...~≈≈≈#
..#..#..##.['...^..^#...~~~~#


You could see a Hell Sentinel (summoned), a deep elf master archer, 2 deep elf
annihilators, a deep elf death mage (empowered), a deep elf demonologist
(empowered, reflecting), an orange demon (summoned), a deep elf high priest
(brilliance aura) and a chaos spawn (summoned).

Vanquished Creatures
  Harold (D)
  A deep elf annihilator (D)
  Erolcha (D)
  2 deep elf knights (D)
  2 orc knights (D)
  Joseph (D)
  A deep elf zephyrmancer (D)
  3 deep elf pyromancers (D)
  A queen bee (D)
  2 orc high priests (D)
  A shadow (D)
  2 redbacks (D)
  A spatial vortex (D)
  An orc warrior (D)
  5 two-headed ogres (D)
  3 wandering mushrooms (D)
  A necrophage (D)
  A water elemental (D)
  32 killer bees (D)
  A jelly (D)
  7 orc priests (D)
  Crazy Yiuf (D)
  A wizard (D)
  2 orc wizards (D)
  A necromancer (D)
  A kobold demonologist (D)
  3 humans (D)
  8 orcs (D)
  2 endoplasms (D)
  2 rats (D)
91 creatures vanquished.

Vanquished Creatures (others)
  3 plants (D)
3 creatures vanquished.

Grand Total: 94 creatures vanquished

Notes
Turn   | Place    | Note
-------+----------+-------------------------------------------
     0 | D        | mhtbhm the Spriggan Brigand began the quest for the Orb.
     0 | D        | Reached XP level 1. HP: 10/10 MP: 2/2
    12 | D        | Reached skill level 6 in Stealth
   291 | D        | Reached skill level 7 in Stealth
   339 | D        | Reached skill level 9 in Stealth
   339 | D        | Reached XP level 2. HP: 15/15 MP: 3/3
   362 | D        | Noticed Crazy Yiuf
   367 | D        | Killed Crazy Yiuf
   368 | D        | Reached skill level 10 in Stealth
   368 | D        | Reached XP level 3. HP: 19/19 MP: 4/4
   470 | D        | Noticed a water elemental
   473 | D        | Killed a water elemental
   474 | D        | Reached skill level 12 in Stealth
   474 | D        | Reached XP level 4. HP: 23/23 MP: 5/5
   488 | D        | Found a shadowy altar of Dithmenos.
   488 | D        | Noticed a necrophage
   489 | D        | Found a basalt altar of Yredelemnul.
   489 | D        | Found a sacrificial altar of Ru.
   491 | D        | Reached skill level 13 in Stealth
   514 | D        | Became a worshipper of Dithmenos the Shadowed
   517 | D        | Killed a necrophage
   518 | D        | Reached skill level 14 in Stealth
   518 | D        | Reached XP level 5. HP: 25/28 MP: 5/7
   553 | D        | Found a glowing silver altar of Zin.
   554 | D        | Found a glowing golden altar of the Shining One.
   554 | D        | Found a white marble altar of Elyvilon.
   554 | D        | Noticed a deep elf pyromancer
   566 | D        | Killed a deep elf pyromancer
   567 | D        | Reached skill level 5 in Short Blades
   567 | D        | Reached skill level 17 in Stealth
   567 | D        | Reached skill level 5 in Invocations
   567 | D        | Reached XP level 6. HP: 21/33 MP: 7/10
   567 | D        | Reached XP level 7. HP: 24/37 MP: 7/11
   683 | D        | Found a radiant altar of Vehumet.
   684 | D        | Found a shimmering blue altar of Sif Muna.
   684 | D        | Found an ancient bone altar of Kikubaaqudgha.
   685 | D        | Reached * piety under Dithmenos
   686 | D        | Reached skill level 18 in Stealth
   704 | D        | Found a hide-covered altar of Uskayaw.
   704 | D        | Found an iron altar of Okawaru.
   705 | D        | Found a bloodstained altar of Trog.
   705 | D        | Found an ornate altar of the Wu Jian Council.
   705 | D        | Noticed a human
   705 | D        | Noticed a human
   707 | D        | Killed a human
   708 | D        | Killed a human
   708 | D        | Reached ** piety under Dithmenos
   709 | D        | Reached skill level 19 in Stealth
   727 | D        | Noticed a shadow
   729 | D        | Killed a shadow
   730 | D        | Reached XP level 8. HP: 42/42 MP: 13/13
   734 | D        | Reached skill level 20 in Stealth
   735 | D        | Found a blossoming altar of Fedhas.
   735 | D        | Found a stormy altar of Qazlal.
   736 | D        | Found a snail-covered altar of Cheibriados.
   736 | D        | Found a burning altar of Makhleb.
   736 | D        | Found a hazy altar of Hepliaklqana.
   736 | D        | Found a shimmering altar of Xom.
   736 | D        | Found an opulent altar of Gozag.
   736 | D        | Found a sparkling altar of Nemelex Xobeh.
   736 | D        | Found a corrupted altar of Lugonu.
   736 | D        | Found a viscous altar of Jiyva.
   845 | D        | Reached *** piety under Dithmenos
   954 | D        | Noticed a two-headed ogre
   957 | D        | Killed a two-headed ogre
   958 | D        | Reached skill level 5 in Fighting
   958 | D        | Reached skill level 21 in Stealth
   962 | D        | Noticed a two-headed ogre
   962 | D        | Noticed Erolcha
   964 | D        | Killed Erolcha
   965 | D        | Reached skill level 22 in Stealth
   965 | D        | Reached XP level 9. HP: 47/47 MP: 14/16
   965 | D        | Killed a two-headed ogre
   965 | D        | Reached **** piety under Dithmenos
   966 | D        | Reached skill level 5 in Evocations
   999 | D        | Reached skill level 23 in Stealth
  1117 | D        | Noticed a wandering mushroom
  1121 | D        | Noticed a wandering mushroom
  1123 | D        | Noticed a wandering mushroom
  1245 | D        | Killed a wandering mushroom
  1249 | D        | Killed a wandering mushroom
  1249 | D        | Reached ***** piety under Dithmenos
  1276 | D        | Noticed a queen bee
  1279 | D        | Reached ****** piety under Dithmenos
  1280 | D        | Reached skill level 5 in Dodging
  1280 | D        | Reached skill level 24 in Stealth
  1280 | D        | Killed a queen bee
  1281 | D        | Reached XP level 10. HP: 53/53 MP: 16/18
  1284 | D        | Reached skill level 25 in Stealth
  1284 | D        | Reached skill level 10 in Invocations
  1297 | D        | HP: 2/53 [killer bee (8)]
  1568 | D        | Noticed Harold
  1569 | D        | Noticed Joseph
  1570 | D        | Killed Harold
  1571 | D        | Killed Joseph
  1600 | D        | Reached skill level 10 in Throwing
  1678 | D        | Noticed an orc high priest
  1680 | D        | Noticed an orc knight
  1680 | D        | Noticed an orc knight
  1686 | D        | Killed an orc high priest
  1687 | D        | Reached skill level 26 in Stealth
  1693 | D        | Killed an orc knight
  1694 | D        | Reached XP level 11. HP: 43/56 MP: 20/20
  1694 | D        | Killed an orc knight
  1697 | D        | Found Womuum's Assorted Antiques.
  1768 | D        | Bought a runed marble ring for 155 gold pieces
  1790 | D        | Noticed a deep elf zephyrmancer
  1790 | D        | Noticed a deep elf knight
  1790 | D        | Noticed a deep elf pyromancer
  1790 | D        | Noticed a deep elf knight
  1790 | D        | Noticed a deep elf pyromancer
  1796 | D        | Noticed a deep elf annihilator
  1803 | D        | Killed a deep elf knight
  1811 | D        | Killed a deep elf pyromancer
  1814 | D        | Killed a deep elf knight
  1815 | D        | Reached skill level 10 in Evocations
  1815 | D        | Killed a deep elf pyromancer
  1816 | D        | Reached skill level 27 in Stealth
  1816 | D        | Killed a deep elf zephyrmancer
  1845 | D        | Killed a deep elf annihilator
  1947 | D        | Noticed a deep elf annihilator
  2027 | D        | Noticed an obsidian statue
  2039 | D        | Found Nisepreu's Distillery.
  2039 | D        | Found Kocvaat's Book Shoppe.
  2039 | D        | Found Zingay's General Store.
  2039 | D        | Found Roperch's Antique Weapon Emporium.
  2039 | D        | Found Quyl's Jewellery Shop.
  2039 | D        | Found Sufipt's Distillery.
  2039 | D        | Found Coengoadd's Weapon Boutique.
  2040 | D        | Found Laupuq's Distillery.
  2040 | D        | Found Urukul's Antique Armour Shoppe.
  2040 | D        | Found Icrog's Antique Weapon Shop.
  2040 | D        | Found Guhu's Magic Scroll Emporium.
  2077 | D        | Bought an embroidered hat for 210 gold pieces
  2091 | D        | Bought a potion of might for 44 gold pieces
  2091 | D        | Bought a potion of might for 44 gold pieces
  2091 | D        | Bought a ring of flight for 192 gold pieces
  2096 | D        | Bought a scroll of immolation for 52 gold pieces
  2104 | D        | Bought a potion of degeneration for 13 gold pieces
  2104 | D        | Bought a potion of curing for 39 gold pieces
  2108 | D        | Bought a potion of heal wounds for 50 gold pieces
  2147 | D        | Noticed a yaktaur captain
  2147 | D        | Noticed a yaktaur captain
  2148 | D        | Noticed a yaktaur captain
  2409 | D        | Identified the ring "Caurudwo" {+Blink rF+ Str-4 Dex+6}
  2409 | D        | Noticed a deep elf annihilator
  2410 | D        | Noticed a deep elf death mage
  2694 | D        | Identified the amulet of Zuedovyl {Reflect rF- rC+ MP+9
                  | Dex+4 SH+5}
  2694 | D        | Noticed a deep elf demonologist
  2698 | D        | Noticed a deep elf master archer
  2699 | D        | Noticed a deep elf high priest
  2710 | D        | Noticed a Hell Sentinel
  2711 | D        | Killed from afar by a deep elf annihilator

Illustrated notes

Levels and vault maps discovered:
D:        dungeon_sprint_mu [sprint_mu_entry_forest, sprint_mu_temple_rooms,
          sprint_mu_d1_spiders, sprint_mu_d2_genie, sprint_mu_d3_branching,
          sprint_mu_orc_legion, sprint_mu_elf_gauntlet, sprint_mu_hive_nellie,
          sprint_mu_lair_fedhas, sprint_mu_vaults_butterflies,
          sprint_mu_slime_circle, sprint_mu_shoals_archi,
          sprint_mu_snake_twists, sprint_mu_blade_basic,
          sprint_mu_crypt_fortress, sprint_mu_tomb_spiral,
          sprint_mu_vestibule_basic, sprint_mu_gehenna_hellfire,
          sprint_mu_dis_giant, sprint_mu_tartarus_statrot,
          sprint_mu_cocytus_islands, sprint_mu_zot1]

Skill      XL: |  1  2  3  4  5  6  7  8  9 10 11 |
---------------+----------------------------------+-----
Stealth        | 9 10 12 14 17 19 22 24 26 27 | 27.0
Fighting       | 2 3 4 5 6 |  6.6
Short Blades   | 3 4 5 6 7 8 9 |  9.4
Throwing       | 3 4 6 7 8 10 11 | 11.6
Dodging        | 2 3 4 5 7 8 |  8.7
Invocations    | 2 5 6 8 9 11 12 | 12.3
Evocations     | 2 3 4 6 9 11 | 11.4

Action                   |  1- 3 |  4- 6 |  7- 9 | 10-12 || total
-------------------------+-------+-------+-------+-------++-------
Melee: Dagger            |    13 |     7 |    43 |    42 ||   105
       Punch             |       |       |     1 |     1 ||     2
Throw: Dart              |     8 |     1 |    14 |    31 ||    54
Invok: Shadow Step       |       |       |       |     2 ||     2
Evoke: Wand              |       |     5 |       |     4 ||     9
       Lightning rod     |       |       |    11 |    22 ||    33
  Use: Potion            |       |     1 |     1 |     2 ||     4
       Scroll            |       |       |       |     6 ||     6
 Stab: Sleeping          |     3 |     1 |    12 |     5 ||    21
       Distracted        |       |       |     1 |       ||     1
Armor: Robe              |     2 |     1 |     1 |     2 ||     6
Dodge: Dodged            |     3 |     4 |    20 |    38 ||    65

Table legend: (Time is in decaauts)
 A = Elapsed time spent in this place.
 B = Non-inter-level travel time spent in this place.
 C = Inter-level travel time spent in this place.
 D = Time resting spent in this place.
 E = Time spent auto-exploring this place.
 F = Levels seen in this place.
 G = Mean time per level.
                   A        B        C        D        E       F      G
               +--------+--------+--------+--------+--------+-----+--------+
         Total |   2379 |   2361 |     18 |   1632 |      0 |   1 | 2379.0 |
       Dungeon |   2379 |   2361 |     18 |   1632 |      0 |   1 | 2379.0 |
               +--------+--------+--------+--------+--------+-----+--------+

Top non-repeatable levels by time:
       D: 2379 daAuts
